 Dungeon Crawl Stone Soup version 0.29-a0-275-g389c0b56f3 (webtiles) character file.

Game seed: 1198294306150975717

4 spaghetti the Cutter (level 1, 8/13 HPs)
             Began as a Deep Elf Chaos Knight on Mar 9, 2022.
             Was a Plaything of Xom.
             Quit the game on level 1 of the Dungeon.
             The game lasted 00:00:36 (433 turns).

spaghetti the Cutter (Deep Elf Chaos Knight)         Turns: 433, Time: 00:00:36

Health: 8/13       AC:  5    Str:  9    XL:     1   Next: 50%
Magic:  3/3        EV: 12    Int: 16    God:    Xom [..*...]
Gold:   34         SH:  0    Dex: 14    Spells: 0/0 levels left

rFire   . . .      SeeInvis .   a - +0 short sword (chaos) {short}
rCold   . . .      Faith    .   (no shield)
rNeg    . . .      Spirit   .   b - +2 leather armour
rPois   .          Reflect  .   (no helmet)
rElec   .          Harm     .   (no cloak)
rCorr   .          Rampage  .   (no gloves)
Will    .....                   (no boots)
Stlth   +.........              (no amulet)
HPRegen 0.04/turn               (no ring)
MPRegen 0.08/turn               (no ring)

@: no status effects
A: no striking features
a: Renounce Religion


You were on level 1 of the Dungeon.
You worshipped Xom.
You were a toy of Xom.
You visited 1 branch of the dungeon, and saw 1 of its levels.

You collected 34 gold pieces.


   Skills:
 + Level 2.7 Fighting
 - Level 3.0 Short Blades
 - Level 0.7 Armour
 - Level 2.4 Dodging


You couldn't memorise any spells.
You didn't know any spells.
Your spell library was empty.

Inventory:

Hand Weapons
 a - a +0 short sword of chaos (weapon) {short}
Armour
 b - a +2 leather armour (worn)
Miscellaneous
 c - a piece from Xom's chessboard (15/15) (quivered)

Dungeon Overview and Level Annotations

Branches:
Dungeon (1/15)

Altars:

,, ,,, * * **
* ** ## ,* *,.
*,* ### *.# ,
* ##.##*#.#*
*##...##.#,###
,
,#..[...###..
* ,##...##.#.#
*, ##.####@#,
, #^#
#.Yr..... *
#.# #......$#
,* #.#
###....## *,
#.# *.#.... ,
#.# .##### *
#.# ,#


You could see an elephant shaped shifter (berserk) and a rat.


Message History

You see here a rat corpse.
There is a stone staircase leading down here.
An endoplasm comes into view.
An endoplasm is nearby!
An endoplasm is nearby!
A dart slug comes into view.
The helpless endoplasm fails to defend itself.
You hit the endoplasm. You punch the endoplasm. The endoplasm freezes you.
You are frozen. 😕 HP[-1]
You take 1 damage, and now have 12/13 hp.
You hit the endoplasm.
You kill the endoplasm!
A ball python comes into view.
The ball python hisses angrily.
There are monsters nearby!
There are monsters nearby!
The dart slug launches a dart at you. The slug dart hits you. 😕 HP[-2]
You take 2 damage, and now have 10/13 hp.
You barely miss the ball python.
The ball python bites you but does no damage.
The ball python grabs you. The ball python constricts you.
You hit the ball python.
The ball python goes berserk!
Xom is highly amused!
The ball python bites you. The ball python constricts you.
The ball python bites you but does no damage.
The ball python constricts you. 😮 HP[-2]
You take 2 damage, and now have 8/13 hp.
You aren't carrying any potions.
You closely miss the ball python. The ball python bites you.
* * * LOW HITPOINT WARNING * * *
The ball python constricts you.
The dart slug bites you but does no damage. 😨 HP[-4]
You take 4 damage, and now have 4/13 hp.
MASSIVE DAMAGE!! (PAUSE)
As you read the scroll labelled NIZXEMO HIAJU, it crumbles to dust.
You feel strangely unstable.
It was a scroll of teleportation.
The ball python closely misses you. The ball python constricts you.
The ball python barely misses you. The ball python constricts you.
The dart slug barely misses you.
Unknown command.
You escape the ball python's grasp.
The ball python attacks as you move away!
The ball python closely misses you. The ball python barely misses you.
The ball python barely misses you. x2
The ball python attacks as you move away!
The ball python bites you.
* * * LOW HITPOINT WARNING * * *
The ball python misses you.
Your surroundings suddenly seem different. 😱 HP[-2]
You take 2 damage, and now have 2/13 hp.
You start resting.
You hear an angry hiss. x4
Xom snickers.
Your piece from Xom's chessboard (15/15) briefly glows. 😮 HP[+6]
You regained 6 hp, and now have 8/13 hp.
Xom grants you insight.
You feel aware of your surroundings. 😮 HP[+1] Xom smirks.
You feel aware of your surroundings. 😕 HP[+3]
You regained 3 hp, and now have 12/13 hp.
A hobgoblin comes into view.
The hobgoblin shouts! 😎 HP[+1]
Your hp is fully restored (13).
A hobgoblin is nearby!
A hobgoblin is nearby!
A rat comes into view.
The hobgoblin misses you.
You hit the hobgoblin.
The hobgoblin changes into a glowing shapeshifter!
The glowing shapeshifter changes into an elephant!
You hit the elephant.
The elephant goes berserk!
Xom is highly amused!
The elephant closely misses you. The elephant trunk-slaps you. 😮 HP[-5]
You take 5 damage, and now have 8/13 hp.
MASSIVE DAMAGE!! (PAUSE) Unknown command.
You aren't carrying any scrolls. 🤖 Initializing magus.rc ...
Options error: Delay interrupt name "hungry" not recognised. (~/.crawlrc:4761) Options error: Bad monster_list_colour key: strict_neutral (~/.crawlrc:4776) ✅ Successfully initialized magus.rc [v1.9.6] Welcome back, spaghetti the Deep Elf Chaos Knight.
Xom titters.
Press ? for a list of commands and other information.
Are you sure you want to abandon this character and quit the game? (Confirm with "yes".)

Action                   || total
-------------------------++-------
Melee: Short sword       ||    10
       Punch             ||     1
  Use: Scroll            ||     1
 Stab: Sleeping          ||     3
Armor: Leather armour    ||     3
Dodge: Dodged            ||    11

Levels and vault maps discovered:
D:1:      amcnicky_arrival_gap_in_the_tavern_cellar, layout_loops_ring

Notes
Turn   | Place    | Note
-------+----------+-------------------------------------------
     0 | D:1      | spaghetti the Deep Elf Chaos Knight began the quest for the
                  | Orb.
     0 | D:1      | Reached XP level 1. HP: 13/13 MP: 3/3
     0 | D:1      | magus.rc [v1.9.6]
   171 | D:1      | HP: 2/13 [ball python (2)]
   307 | D:1      | XOM: silly message
   336 | D:1      | XOM: divination: magic mapping
   414 | D:1      | XOM: divination: magic mapping
   431 | D:1      | Noticed a glowing shapeshifter
   431 | D:1      | a hobgoblin changed into a glowing shapeshifter
   431 | D:1      | Noticed an elephant
   431 | D:1      | a glowing shapeshifter changed into an elephant
   433 | D:1      | magus.rc [v1.9.6]
   433 | D:1      | Quit the game

Vanquished Creatures
  An endoplasm (D:1)
  A goblin (D:1)
  A bat (D:1)
  A rat (D:1)
4 creatures vanquished.

Table legend:
 A = Non-vault XP
 B = Vault XP
 C = Vault XP percentage of total XP
 D = Non-vault monster count
 E = Vault monster count
 F = Vault count percentage of total count
                 A         B        C        D         E       F
            +---------+---------+-------+---------+---------+-------
      Total |       6 |       0 |   0.0 |       4 |       0 |   0.0
            +---------+---------+-------+---------+---------+-------
        D:1 |       6 |       0 |   0.0 |       4 |       0 |   0.0
            +---------+---------+-------+---------+---------+-------

Illustrated notes

Table legend:
 A = Kills in this place as a percentage of kills in entire the game.
 B = Kills by you in this place as a percentage of kills by you in the entire game.
 C = Kills by friends in this place as a percentage of kills by friends in the entire game.
 D = Other kills in this place as a percentage of other kills in the entire game.
 E = Experience gained in this place as a percentage of experience gained in the entire game.
 F = Experience gained in this place divided by the number of levels of this place that you have seen.
                   A       B       C       D       E      F
               +-------+-------+-------+-------+-------+----------------------
         Total | 100.0 | 100.0 |   N/A |   N/A | 100.0 |   6.0
       Dungeon | 100.0 | 100.0 |   N/A |   N/A | 100.0 |   6.0
               +-------+-------+-------+-------+-------+----------------------

Table legend: (Time is in decaauts)
 A = Elapsed time spent in this place.
 B = Non-inter-level travel time spent in this place.
 C = Inter-level travel time spent in this place.
 D = Time resting spent in this place.
 E = Time spent auto-exploring this place.
 F = Levels seen in this place.
 G = Mean time per level.
                   A        B        C        D        E       F      G
               +--------+--------+--------+--------+--------+-----+--------+
         Total |    432 |    432 |      0 |    136 |    256 |   1 |  432.0 |
       Dungeon |    432 |    432 |      0 |    136 |    256 |   1 |  432.0 |
               +--------+--------+--------+--------+--------+-----+--------+

Top non-repeatable levels by time:
     D:1: 432 daAuts
